 Dungeon Crawl Stone Soup version 0.27-a0-592-g0306a34022 (webtiles) character file.

Game seed: 3461394300071990464

330 srzhan31 the Caller (level 6, -1/34 HPs)
             Began as a Gargoyle Summoner on Mar 11, 2021.
             Slain by an orc wizard
             ... wielding a +0 dagger
              (2 damage)
             ... on level 4 of the Dungeon.
             The game lasted 00:13:45 (3772 turns).

srzhan31 the Caller (Gargoyle Summoner)             Turns: 3772, Time: 00:13:45

Health: -1/34      AC:  6    Str: 12    XL:     6   Next: 51%
Magic:  5/11       EV: 12    Int: 17    God:
Gold:   211        SH:  0    Dex: 10    Spells: 9/12 levels left

rFire    + . .     SeeInvis .   n - +4 quarterstaff
rCold    + . .     Faith    .   (shield currently unavailable)
rNeg     + . .     Spirit   .   a - +0 robe
rPois    ∞         Reflect  .   (no helmet)
rElec    +         Harm     .   t - scarf {rC+ rF+}
rCorr    .         Rampage  .   (no gloves)
Will     .....                  (no boots)
Stlth    ++........             (no amulet)
HPRegen  0.11/turn              (no ring)
MPRegen  0.12/turn              (no ring)

@: no status effects
A: negative energy resistance 1, electricity resistance, torment resistance 1,
unbreathing 1, petrification resistance, AC +4
a: no special abilities


You were on level 4 of the Dungeon.
You visited 1 branch of the dungeon, and saw 4 of its levels.

You collected 211 gold pieces.

Inventory:

Hand Weapons
 n - a +4 quarterstaff (weapon)
Armour
 a - a +0 robe (worn)
 l - a +0 cloak
 t - a scarf of resistance (worn)
Wands
 o - a wand of random effects (14)
 q - a wand of digging (5)
Scrolls
 b - a scroll of random uselessness {unknown}
 c - 4 scrolls of teleportation {unknown}
 e - a scroll of immolation {unknown}
 h - a scroll of magic mapping {unknown}
 j - 2 scrolls of identify {unknown}
 k - a scroll of enchant weapon {unknown}
Potions
 d - 2 potions of mutation {unknown}
 f - a potion of attraction {unknown}
 g - a potion of brilliance {unknown}
 i - a potion of resistance {unknown}
 m - a potion of haste {unknown}
 p - 2 potions of berserk rage {unknown}
 r - a potion of lignification {unknown}
 s - a potion of curing {unknown}


   Skills:
 * Level 1.3 Fighting
 + Level 0.3 Staves
 * Level 0.9 Armour
 * Level 1.9 Dodging
 - Level 2.4 Stealth
 * Level 1.2 Shields
 + Level 0.5 Unarmed Combat
 * Level 3.8 Spellcasting
 * Level 5.0 Summonings
 * Level 0.8 Ice Magic
 * Level 0.4 Air Magic


You had 9 spell levels left.
You knew the following spells:

 Your Spells              Type           Power      Damage    Failure   Level
a - Summon Small Mammal   Summ           80%        N/A       1%          1
b - Call Imp              Summ           20%        N/A       3%          2

Your spell library contained the following spells:

 Spells                   Type           Power      Damage    Failure   Level
 Call Canine Familiar     Summ           20%        N/A       6%          3
 Summon Guardian Golem    Hex/Summ       11%        N/A       17%         3
 Summon Ice Beast         Ice/Summ       13%        N/A       43%         4
 Summon Lightning Spire   Summ/Air       12%        N/A       45%         4


Dungeon Overview and Level Annotations

Branches:
Dungeon (4/15)
 Temple: D:4-7

Altars:
Gozag
Kikubaaqudgha
Wu Jian


Innate Abilities, Weirdness & Mutations

Your stone body is resilient. (AC +4)
You are immune to poison.
You resist negative energy. (rN+)
You are resistant to electric shocks. (rElec)
You are resistant to unholy torment.
You can survive without breathing.
You are immune to petrification.


Message History

Are you sure you want to stumble around while confused and next to your crimson imp?
Okay, then.
Your crimson imp seems less confused.
An orc wizard appears from thin air!
Reactivating autopickup.
The orc wizard misses you. The orc wizard barely misses you.
The orc wizard points at you and mumbles some strange words.
The puff of flame misses you.
The orc wizard casts a spell at itself.
The orc wizard flickers and vanishes!
Deactivating autopickup; reactivate with Ctrl-A.
Your crimson imp shouts, "Stay back!
It could be a trick!"
Your crimson imp closely misses the orc wizard.
You're too confused to cast spells.
Are you sure you want to stumble around while confused and next to your crimson imp?
Okay, then.
Unknown command.
Unknown command.
Unknown command.
Unknown command.
Are you sure you want to stumble around while confused and next to your crimson imp?
Okay, then.
The orc wizard casts a spell at you.
The magic dart hits you but does no damage.
Something hits you.
* * * LOW HITPOINT WARNING * * *
Your crimson imp barely misses the orc wizard.
The orc wizard points at itself and mumbles some strange words.
The orc wizard flickers and vanishes!
Something hits you but does no damage. Something hits you.
* * * LOW HITPOINT WARNING * * *
Something hits you but does no damage.
You feel less confused. Something hits you but does no damage.
You hear some strange, mumbled words.
A puff of flame appears from out of thin air!
The puff of flame misses you.
Something hits you but does no damage. x2
Something hits you but does no damage. Something hits you.
You die...

........#
.........#
.........+ #..###
.........###..#..
.........##..#.#
.........##..#.#
#[........#.#
#...@5....#.#
#...{{##..#<#
#.....'.....#
>##...).##..#.# #
........)....#.#.#
#.#########......#
.. #.###### .. #..
. ####


You could see a friendly crimson imp (summoned).

Vanquished Creatures
  Sigmund (D:3)
  An orc priest (D:4)
  Natasha (D:2)
  A dart slug (D:3)
  4 orcs (D:3)
  A hobgoblin (D:3)
  A bat (D:3)
  A rat (D:3)
11 creatures vanquished.

Vanquished Creatures (collateral kills)
  A hound (D:4)
  Natasha (twice) (D:2)
  An orc wizard (D:4)
  3 adders (D:2)
  A shadow imp (D:3)
  2 oozes
  A worm (D:3)
  3 dart slugs (D:1)
  3 leopard geckos
  9 orcs
  7 giant cockroaches
  8 goblins
  5 hobgoblins
  4 jackals (D:2)
  A quokka (D:3)
  6 bats
  2 frilled lizards (D:1)
  5 kobolds
  4 rats
  4 rat zombies (D:2)
72 creatures vanquished.

Grand Total: 83 creatures vanquished

Notes
Turn   | Place    | Note
-------+----------+-------------------------------------------
     0 | D:1      | srzhan31 the Gargoyle Summoner began the quest for the Orb.
     0 | D:1      | Reached XP level 1. HP: 10/10 MP: 3/3
   476 | D:1      | Reached XP level 2. HP: 15/15 MP: 1/5
   480 | D:1      | Learned a level 2 spell: Call Imp
  1366 | D:2      | Noticed Natasha
  1376 | D:2      | Killed Natasha
  1377 | D:2      | Reached skill level 4 in Summonings
  1377 | D:2      | Reached XP level 3. HP: 19/19 MP: 2/7
  2099 | D:2      | Found an ancient bone altar of Kikubaaqudgha.
  2245 | D:2      | Found an ornate altar of the Wu Jian Council.
  2298 | D:2      | Noticed Natasha
  2319 | D:2      | Killed Natasha
  2320 | D:2      | Reached XP level 4. HP: 24/24 MP: 1/8
  2723 | D:2      | Found an opulent altar of Gozag.
  2849 | D:2      | Noticed Natasha
  2864 | D:2      | Killed Natasha
  3096 | D:3      | Reached XP level 5. HP: 28/28 MP: 5/10
  3291 | D:3      | Noticed Sigmund
  3342 | D:3      | Killed Sigmund
  3343 | D:3      | Reached skill level 1 in Shields
  3343 | D:3      | Reached XP level 6. HP: 30/33 MP: 1/11
  3716 | D:4      | Reached skill level 1 in Fighting
  3725 | D:4      | Reached skill level 5 in Summonings
  3767 | D:4      | HP: 1/34 [something (1)]
  3772 | D:4      | Slain by an orc wizard

Illustrated notes

Levels and vault maps discovered:
D:1:      dpeg_arrival_three_same_balls, layout_basic
D:2:      layout_loops_ring, nzn_wu_jian_council_hall, lemuel_round_altar,
          lemuel_zombie_altar_kikubaaqudgha, minmay_bisected, uniq_natasha
D:3:      layout_basic, uniq_sigmund
D:4:      layout_basic, grunt_tough_drop

Skill      XL: |  1  2  3  4  5  6 |
---------------+-------------------+-----
Summonings     | 4 5 |  5.0
Spellcasting   | 3 |  3.8
Shields        | 1 |  1.2
Fighting       | 1 |  1.3
Staves         | |  0.3
Armour         | |  0.9
Dodging        | |  1.9
Stealth        | |  2.4
Unarmed Combat | |  0.5
Ice Magic      | |  0.8
Air Magic      | |  0.4

Action                   |  1- 3 |  4- 6 || total
-------------------------+-------+-------++-------
Melee: Unarmed           |     8 |       ||     8
       Quarterstaff      |       |    33 ||    33
 Cast: Summon Small Mamm |    14 |     2 ||    16
       Call Imp          |    37 |    46 ||    83
 Stab: Distracted        |       |     1 ||     1
Armor: Robe              |    18 |    38 ||    56
Dodge: Dodged            |    42 |    40 ||    82

Table legend: (Time is in decaauts)
 A = Elapsed time spent in this place.
 B = Non-inter-level travel time spent in this place.
 C = Inter-level travel time spent in this place.
 D = Time resting spent in this place.
 E = Time spent auto-exploring this place.
 F = Levels seen in this place.
 G = Mean time per level.
                   A        B        C        D        E       F      G
               +--------+--------+--------+--------+--------+-----+--------+
         Total |   3780 |   3780 |      0 |      0 |   2512 |   4 |  945.0 |
       Dungeon |   3780 |   3780 |      0 |      0 |   2512 |   4 |  945.0 |
               +--------+--------+--------+--------+--------+-----+--------+

Top non-repeatable levels by time:
     D:2: 1600 daAuts
     D:1: 1354 daAuts
     D:3: 749 daAuts
     D:4: 75 daAuts
